 Dungeon Crawl Stone Soup version 0.21.0-3-g78d12a8 (webtiles) character file.

61205 theanonym the Unseen (level 15, 20/83 HPs)
             Began as a Vine Stalker Assassin on Jan 13, 2018.
             Was a Priest of Elyvilon.
             Quit the game on level 1 of the Swamp.
             The game lasted 01:08:15 (22104 turns).

theanonym the Unseen (Vine Stalker Assassin)       Turns: 22104, Time: 01:08:16

Health: 20/83      AC: 23    Str: 15    XL:     15   Next: 2%
Magic:  2/19       EV:  9    Int: 13    God:    Elyvilon [***...]
Gold:   1354       SH:  6    Dex: 19    Spells: 11/14 levels left

rFire    . . .     SeeInvis +   a - +9 scimitar (flame)
rCold    . . .     Gourm    +   x - +0 buckler
rNeg     . . .     Faith    .   b - +3 plate armour {rPois} {18}
rPois    +         Spirit   +   M - +2 helmet {SInv}
rElec    .         Reflect  .   W - scarf {repulsion}
rCorr    .         Harm     .   B - +0 pair of gloves
MR       ++...     Clarity  +   S - +0 pair of boots
Stlth    +++.......             Q - amulet of the gourmand {Gourm}
HPRegen  1.03/turn              I - ring of protection from magic {MR+}
MPRegen  0.16/turn              l - ring of stealth {Stlth+}

@: repel missiles
A: fangs 3, molten scales 1, clarity, regeneration 2, magic shield, antimagic
bite, no potion heal 3, rot immunity
a: Lesser Healing, Heal Other, Purification, Divine Protection, Renounce
Religion


Innate Abilities, Weirdness & Mutations

You have razor-sharp teeth.
You heal very quickly.
When hurt, damage is shared between your health and your magic reserves.
Your bite disrupts and absorbs the magic of your enemies.
Potions cannot restore your health.
You are immune to rotting.
You are partially covered in molten scales. (AC +2)
You possess an exceptional clarity of mind.


   Skills:
 + Level 11.4 Fighting
 - Level 12.0(12.4) Short Blades
 * Level 5.7(9.7) Long Blades
 - Level 1.7 Throwing
 + Level 5.6 Armour
 - Level 8.8 Dodging
 - Level 15.0 Stealth
 - Level 4.0 Shields
 - Level 5.0 Invocations


You had 11 spell levels left.
You knew the following spells:

 Your Spells              Type           Power        Failure   Level  Hunger
r - Regeneration          Chrm/Necr      #.........   100%        3    ####...

Skill      XL: |  1  2  3  4  5  6  7  8  9 10 11 12 13 14 |
---------------+-------------------------------------------+-----
Short Blades   | 2 3 6 8 10 11 12 | 12.0
Stealth        | 5 6 7 8 9 10 12 14 15 | 15.0
Fighting       | 3 5 6 8 10 11 | 11.4
Armour         | 2 4 5 |  5.6
Invocations    | 1 4 5 |  5.0
Dodging        | 3 6 7 8 |  8.8
Shields        | 2 4 |  4.0
Long Blades    | 5 |  5.7
Throwing       | |  1.7

Action                   |  1- 3 |  4- 6 |  7- 9 | 10-12 | 13-15 || total
-------------------------+-------+-------+-------+-------+-------++-------
Melee: Dagger            |    91 |   103 |       |       |       ||   194
       Bite              |    22 |    40 |    65 |   371 |   641 ||  1139
       Short sword       |       |    57 |   247 |   906 |   725 ||  1935
       Rapier            |       |       |       |       |   144 ||   144
       Scimitar          |       |       |       |       |   630 ||   630
 Fire: Blowgun           |     7 |    17 |     8 |       |     6 ||    38
Invok: Greater Healing   |       |       |       |     2 |    11 ||    13
       Purification      |       |       |       |     1 |       ||     1
       Heal Other        |       |       |       |       |     2 ||     2
       Divine Protection |       |       |       |       |     1 ||     1
Evoke: Wand              |       |       |     5 |    28 |    17 ||    50
  Use: Potion            |     6 |       |     3 |     4 |     4 ||    17
       Scroll            |       |       |    12 |     8 |    14 ||    34
 Stab: Sleeping          |     8 |    13 |    21 |    32 |    30 ||   104
       Distracted        |       |       |     1 |     2 |    11 ||    14
  Eat: Chunk             |     2 |     5 |     4 |    19 |    41 ||    71
       Ration            |       |       |     2 |     2 |     1 ||     5
Armor: Ring mail         |    33 |    65 |    63 |   215 |    62 ||   438
       Skin              |       |       |     5 |       |       ||     5
       Troll leather arm |       |       |       |       |   174 ||   174
       Leather armour    |       |       |       |       |     3 ||     3
       Plate armour      |       |       |       |       |   207 ||   207
Dodge: Dodged            |    38 |    74 |    81 |   304 |   741 ||  1238
       Deflected         |       |       |       |       |     5 ||     5
Block: Buckler           |       |       |       |       |   249 ||   249
       Rpst.: Scimitar   |       |       |       |       |   102 ||   102

Inventory:

Hand Weapons
 a - a +9 scimitar of flaming (weapon)
   (You took it off Azrael on level 12 of the Dungeon)
 O - a +3 rapier
   (You found it on level 11 of the Dungeon)
Missiles
 T - a throwing net (quivered)
Armour
 b - a +3 plate armour of poison resistance (worn) {18}
   (You found it on level 6 of the Lair of Beasts)
 x - a +0 buckler (worn)
   (You found it on level 11 of the Dungeon)
 B - a +0 pair of gloves (worn)
   (You found it on level 5 of the Dungeon)
 L - a +2 plate armour of fire resistance {18}
   (You took it off an orc warlord on level 2 of the Orcish Mines)
 M - a +2 helmet of see invisible (worn)
   (You found it on level 3 of the Lair of Beasts)
 S - a +0 pair of boots (worn)
   (You found it on level 12 of the Dungeon)
 V - a +0 shield
   (You took it off a gnoll sergeant on level 1 of the Orcish Mines)
 W - a scarf of repulsion (worn)
   (You bought it in a shop on level 2 of the Orcish Mines)
Jewellery
 l - a ring of stealth (right hand) {Stlth+}
   (You found it on level 2 of the Dungeon)
 p - an uncursed ring of fire {rF+ rC-}
   (You found it on level 7 of the Dungeon)
 H - an uncursed ring of fire {rF+ rC-}
   (You found it on level 6 of the Lair of Beasts)
 I - a ring of protection from magic (left hand) {MR+}
   (You found it on level 10 of the Dungeon)
 Q - an amulet of the gourmand (around neck) {Gourm}
   (You found it on level 11 of the Dungeon)
Wands
 d - a wand of digging (18)
   (You took it off Pikel on level 4 of the Dungeon)
 s - a wand of polymorph (7)
   (You found it on level 6 of the Dungeon)
 G - a wand of iceblast (22)
   (You found it on level 3 of the Lair of Beasts)
Scrolls
 f - 3 scrolls of fog
 j - a scroll of summoning
 n - 9 scrolls of remove curse
 r - 6 scrolls of identify
 t - 4 scrolls of teleportation {!r}
 y - 7 scrolls of magic mapping
 A - 2 scrolls of enchant armour
 D - a scroll of enchant weapon
 E - a scroll of amnesia
 J - a scroll of immolation
Potions
 h - a potion of agility
 k - 3 potions of flight
 m - a potion of haste
 o - 2 potions of cancellation
 q - 3 potions of heal wounds
 w - 9 potions of curing
 z - a potion of mutation
 C - 3 potions of brilliance
 F - 2 potions of magic
Books
 c - a book of Frost
   (You found it on level 6 of the Lair of Beasts)
 P - a book of Ice
   (You found it on level 11 of the Dungeon)
Miscellaneous
 R - a lightning rod (4/4)
   (You found it on level 12 of the Dungeon)
Comestibles
 e - 37 rations
 g - 5 chunks of flesh


You were on level 1 of the Swamp.
You worshipped Elyvilon.
Elyvilon was most pleased with you.
You were completely stuffed.

You visited 5 branches of the dungeon, and saw 22 of its levels.
You also visited: Ice Cave.

You collected 1771 gold pieces.
You spent 417 gold pieces at shops.

Dungeon Overview and Level Annotations

Branches:
Dungeon (12/15)            Temple (1/1) D:6            Lair (6/6) D:9
  Swamp (1/4) Lair:4        Snake (0/4) Lair:4          Orc (2/2) D:12
    Elf (0/3) Orc:2
  Slime: Lair:5-6

Altars:
Ashenzari
Cheibriados
Dithmenos
Elyvilon
Fedhas
Gozag
Hepliaklqana
Kikubaaqudgha
Makhleb
Nemelex Xobeh
Okawaru
Qazlal
Ru
Sif Muna
Trog
Uskayaw
Vehumet
Wu Jian
Xom
Yredelemnul
Zin
The Shining One
Beogh

Shops:
D:6 !   D:11 %   Orc:2 *[(*?

Annotations:
D:7 Ymberto's ghost, novice HuMo
D:12 4 runed doors
Lair:6 exclusion: oklob plant

♣♣≈.≈≈≈≈≈≈≈≈≈≈≈
≈≈≈♣♣♣♣♣≈≈≈≈≈≈≈≈≈≈≈≈≈≈
...≈..≈.≈≈≈≈≈≈≈≈§....
...≈≈..≈≈≈≈≈≈≈≈.≈..≈
♣♣♣♣.≈≈≈≈....(...§≈≈≈.♣
...≈≈≈≈≈≈........≈≈≈≈♣ ♣
..≈≈≈≈≈♣♣.≈≈.♣♣♣.≈♣♣ ♣♣
♣.y≈....≈≈≈≈w♣ ♣♣
.♣♣♣♣♣.§..♣.≈≈≈w@♣
≈.≈≈♣♣..♣♣≈..≈≈≈.♣♣♣♣
≈.♣..≈≈.≈♣.......♣≈.♣ ♣♣♣
≈.....♣♣≈.≈≈≈≈...≈..♣♣♣.♣♣
≈...†.♣ ♣≈≈≈≈≈≈....≈♣≈..≈♣
....♣♣♣
♣♣..≈≈≈...≈♣.≈≈≈[♣♣ ...≈♣♣
♣♣..≈≈..♣≈..≈≈≈..♣♣ .♣..≈♣
♣≈≈≈..♣♣♣...≈≈≈≈.♣♣ ≈≈♣..♣
♣♣♣♣♣.♣ ♣♣≈..≈≈≈≈(♣


You could see 2 tyrant leeches.

Notes
Turn   | Place    | Note
-------+----------+-------------------------------------------
     0 | D:1      | theanonym the Vine Stalker Assassin began the quest for the Orb.
     0 | D:1      | Reached XP level 1. HP: 11/11 MP: 2/2
    49 | D:1      | HP: 4/11 [dart slug/slug dart (7)]
    58 | D:1      | Reached skill level 2 in Short Blades
   314 | D:1      | Reached skill level 5 in Stealth
   369 | D:1      | Reached XP level 2. HP: 15/15 MP: 3/3
  1030 | D:2      | theanonym: !stats vsas
  1049 | D:2      | theanonym: !stats vsas
  1049 | D:2      | Reached XP level 3. HP: 18/18 MP: 4/4
  1087 | D:2      | beem: Starting stats for VSAs: Str 13 Int 11 Dex 15. Stat gain: sd/4
  1137 | D:2      | beem: Starting stats for VSAs: Str 13 Int 11 Dex 15. Stat gain: sd/4
  1162 | D:2      | Reached skill level 3 in Short Blades
  1369 | D:2      | HP: 9/18 [adder (1)]
  1374 | D:2      | HP: 4/18 [poisoned by an adder]
  1376 | D:2      | Gained mutation: You possess an exceptional clarity of mind. [potion of mutation]
  1376 | D:2      | Gained mutation: You are partially covered in molten scales. (AC +2) [potion of mutation]
  1378 | D:2      | HP: 1/18 [poisoned by an adder]
  1684 | D:2      | Gained mutation: Your natural rate of healing is unusually fast. [Vine Stalker growth]
  1684 | D:2      | Reached XP level 4. HP: 23/23 MP: 5/5
  2305 | D:3      | Reached skill level 6 in Stealth
  2305 | D:3      | Reached XP level 5. HP: 26/26 MP: 6/6
  2350 | D:3      | Found a shimmering altar of Xom.
  2361 | D:3      | Reached skill level 4 in Short Blades
  2800 | D:4      | HP: 6/26 [gnoll/halberd (8)]
  2906 | D:4      | Found a snail-covered altar of Cheibriados.
  2948 | D:4      | Found a basalt altar of Yredelemnul.
  3021 | D:4      | Noticed Pikel
  3021 | D:4      | Noticed a slave
  3022 | D:4      | Noticed a slave
  3023 | D:4      | Noticed a slave
  3025 | D:4      | Noticed a slave
  3066 | D:4      | Killed Pikel
  3066 | D:4      | Reached skill level 6 in Short Blades
  3066 | D:4      | Reached skill level 7 in Stealth
  3066 | D:4      | Reached XP level 6. HP: 17/30 MP: 7/7
  3066 | D:4      | Reached XP level 7. HP: 20/34 MP: 8/8
  3242 | D:4      | Found a glowing golden altar of the Shining One.
  3272 | D:4      | Noticed Edmund
  3290 | D:4      | HP: 16/34 [Edmund/flail of protection (4)]
  3296 | D:4      | Killed Edmund
  3296 | D:4      | Reached skill level 8 in Stealth
  3660 | D:4      | Gained mutation: You have razor-sharp teeth. [Vine Stalker growth]
  3660 | D:4      | Reached XP level 8. HP: 38/38 MP: 9/9
  3661 | D:4      | Found a deep blue altar of Sif Muna.
  3898 | D:5      | Entered Level 5 of the Dungeon
  3934 | D:5      | Found a stormy altar of Qazlal.
  4048 | D:5      | Reached skill level 7 in Short Blades
  4049 | D:5      | HP: 19/38 [orc wizard/dagger (3)]
  4055 | D:5      | HP: 17/38 [orc wizard/magic dart (2)]
  4061 | D:5      | HP: 12/38 [orc wizard/dagger of venom (1)]
  4066 | D:5      | HP: 16/57 [poisoned by an orc wizard]
  4072 | D:5      | HP: 15/57 [poisoned by an orc wizard]
  4079 | D:5      | HP: 14/57 [poisoned by an orc wizard]
  4084 | D:5      | HP: 14/57 [poisoned by an orc wizard]
  4090 | D:5      | HP: 14/57 [poisoned by an orc wizard]
  4098 | D:5      | HP: 16/57 [poisoned by an orc wizard]
  4106 | D:5      | HP: 19/57 [poisoned by an orc wizard]
  4164 | D:5      | Learned a level 3 spell: Regeneration
  4506 | D:5      | Noticed Sigmund
  4643 | D:5      | Found an ancient bone altar of Kikubaaqudgha.
  4719 | D:5      | Reached skill level 9 in Stealth
  4772 | D:5      | Killed Sigmund
  4772 | D:5      | Reached skill level 8 in Short Blades
  4945 | D:6      | Noticed Menkaure
  4949 | D:6      | Found Jiudile's Distillery.
  4953 | D:6      | Killed Menkaure
  4956 | D:6      | Found an iron altar of Okawaru.
  5008 | D:6      | Reached XP level 9. HP: 42/42 MP: 10/10
  5074 | D:6      | Bought a potion of curing for 42 gold pieces
  5118 | D:6      | Found a staircase to the Ecumenical Temple.
  5379 | Temple   | Entered the Ecumenical Temple
  5584 | Temple   | Became a worshipper of Elyvilon the Healer
  5689 | D:6      | Found an ornate altar of the Wu Jian Council.
  5710 | D:6      | Reached skill level 10 in Stealth
  5846 | D:7      | Found a blossoming altar of Fedhas.
  5881 | D:7      | Reached skill level 9 in Short Blades
  5898 | D:7      | Noticed Duvessa
  5899 | D:7      | Noticed Dowan
  5905 | D:7      | Killed Duvessa
  5905 | D:7      | Reached skill level 2 in Fighting
  5907 | D:7      | Killed Dowan
  5926 | D:7      | Reached skill level 1 in Armour
  5942 | D:7      | HP: 21/42 [hippogriff (3)]
  5951 | D:7      | HP: 17/43 [poisoned by a worker ant]
  5959 | D:7      | HP: 19/43 [poisoned by a worker ant]
  6114 | D:7      | Noticed Ymberto's ghost (novice HuMo)
  6143 | D:7      | HP: 16/43 [ogre/giant spiked club (10)]
  6212 | D:7      | Found a hazy altar of Hepliaklqana.
  6252 | D:7      | Reached skill level 3 in Fighting
  6252 | D:7      | Reached skill level 2 in Armour
  6420 | D:8      | Noticed a two-headed ogre
  6428 | D:8      | Killed a two-headed ogre
  6428 | D:8      | Reached skill level 10 in Short Blades
  6428 | D:8      | Reached XP level 10. HP: 49/49 MP: 11/11
  6443 | D:8      | Noticed Maurice
  6451 | D:8      | Killed Maurice
  6451 | D:8      | Reached skill level 4 in Fighting
  6451 | D:8      | Reached skill level 3 in Armour
  6597 | D:8      | Reached * piety under Elyvilon
  7091 | D:9      | HP: 22/51 [electric eel/bolt of electricity (9)]
  7097 | D:8      | HP: 15/51 [killer bee (4)]
  7225 | D:9      | HP: 25/51 [poisoned by a killer bee]
  7230 | D:9      | HP: 23/51 [poisoned by a killer bee]
  7235 | D:9      | HP: 23/51 [poisoned by a killer bee]
  7240 | D:8      | HP: 23/51 [poisoned by a killer bee]
  7246 | D:8      | HP: 24/51 [poisoned by a killer bee]
  7451 | D:9      | Found a staircase to the Lair.
  7470 | D:9      | Reached skill level 4 in Armour
  7482 | D:9      | Reached skill level 11 in Short Blades
  7526 | D:9      | Reached skill level 5 in Fighting
  7654 | D:9      | Found a burning altar of Makhleb.
  7654 | D:9      | Found a radiant altar of Vehumet.
  7726 | D:9      | HP: 24/51 [acid (4)]
  7731 | D:9      | HP: 20/51 [acid (2)]
  7734 | D:9      | HP: 9/51 [acid (5)]
  7754 | D:9      | HP: 20/51 [jelly (1)]
  7845 | D:9      | Noticed a two-headed ogre
  7850 | D:9      | Reached skill level 1 in Invocations
  7871 | D:9      | HP: 18/51 [two-headed ogre/dire flail (17)]
  7971 | D:9      | Reached ** piety under Elyvilon
  8081 | D:9      | Found a hide-covered altar of Uskayaw.
  8294 | D:9      | Reached XP level 11. HP: 52/56 MP: 11/13
  8314 | D:10     | Entered Level 10 of the Dungeon
  8411 | D:10     | Reached skill level 2 in Invocations
  8413 | D:10     | Noticed a two-headed ogre
  8424 | D:10     | HP: 25/56 [two-headed ogre/giant club (17)]
  8435 | D:10     | Killed a two-headed ogre
  9043 | D:10     | Reached *** piety under Elyvilon
  9106 | D:10     | Reached skill level 5 in Armour
  9258 | Lair:1   | Entered Level 1 of the Lair of Beasts
  9294 | Lair:1   | Reached skill level 1 in Dodging
  9310 | Lair:1   | Reached skill level 3 in Invocations
  9326 | Lair:1   | Reached skill level 6 in Fighting
  9577 | Lair:1   | Reached skill level 12 in Short Blades
  9600 | Lair:1   | Reached skill level 2 in Dodging
  9606 | Lair:1   | HP: 25/56 [blink frog (8)]
  9746 | Lair:1   | Reached skill level 4 in Invocations
  9966 | Lair:1   | HP: 29/58 [komodo dragon (12)]
 10270 | Lair:2   | Reached **** piety under Elyvilon
 10394 | Lair:2   | HP: 22/58 [spiny frog (10)]
 10395 | Lair:2   | HP: 6/58 [spiny frog (9)]
 10515 | Lair:2   | HP: 28/58 [spiny frog (11)]
 10520 | Lair:2   | HP: 25/58 [poisoned by a spiny frog]
 10526 | Lair:2   | HP: 20/58 [poisoned by a spiny frog]
 10531 | Lair:2   | HP: 20/58 [poisoned by a spiny frog]
 10535 | Lair:2   | Reached skill level 3 in Dodging
 10538 | Lair:2   | HP: 21/58 [poisoned by a spiny frog]
 10545 | Lair:2   | HP: 23/58 [poisoned by a spiny frog]
 10553 | Lair:2   | HP: 26/58 [poisoned by a spiny frog]
 10668 | Lair:2   | Noticed Harold
 10703 | Lair:2   | HP: 27/58 [yak (9)]
 10708 | Lair:2   | HP: 27/58 [poisoned by Harold]
 10714 | Lair:2   | HP: 28/58 [poisoned by Harold]
 10723 | Lair:2   | HP: 29/58 [poisoned by Harold]
 10833 | Lair:2   | HP: 29/58 [poisoned by a spiny frog]
 10838 | Lair:2   | HP: 22/58 [poisoned by a spiny frog]
 10847 | Lair:2   | HP: 19/58 [blink frog (6)]
 10852 | Lair:2   | HP: 18/58 [blink frog (3)]
 10861 | Lair:2   | HP: 20/58 [blink frog (11)]
 10874 | Lair:2   | HP: 20/58 [blink frog (7)]
 10888 | Lair:2   | HP: 23/58 [blink frog (4)]
 10890 | Lair:2   | Gained mutation: You heal very quickly. [Vine Stalker growth]
 10890 | Lair:2   | Reached XP level 12. HP: 25/62 MP: 14/16
 10994 | Lair:2   | Reached skill level 7 in Fighting
 10994 | Lair:2   | Reached skill level 5 in Invocations
 11108 | Lair:2   | Reached skill level 11 in Stealth
 11145 | Lair:2   | Reached skill level 4 in Dodging
 11468 | Lair:2   | Killed Harold
 12499 | Lair:3   | Reached skill level 8 in Fighting
 12733 | Lair:3   | Reached skill level 5 in Dodging
 12811 | Lair:3   | Reached ***** piety under Elyvilon
 12814 | Lair:3   | HP: 32/64 [spiny frog (3)]
 12819 | Lair:3   | HP: 23/64 [spiny frog (9)]
 12824 | Lair:3   | HP: 12/64 [spiny frog (13)]
 12825 | Lair:3   | Reached skill level 12 in Stealth
 12831 | Lair:3   | HP: 32/65 [basilisk (2)]
 12836 | Lair:3   | HP: 32/65 [poisoned by a spiny frog]
 13512 | Lair:4   | Found a staircase to the Snake Pit.
 13677 | Lair:4   | Found a staircase to the Swamp.
 14143 | Lair:5   | Noticed a death yak
 14143 | Lair:5   | Noticed a death yak
 14143 | Lair:5   | Noticed a death yak
 14145 | Lair:5   | Killed a death yak
 14145 | Lair:5   | Reached skill level 6 in Dodging
 14145 | Lair:5   | Reached XP level 13. HP: 70/70 MP: 17/17
 14147 | Lair:5   | Reached skill level 9 in Fighting
 14150 | Lair:5   | Reached skill level 13 in Stealth
 14239 | Lair:5   | Found a frozen archway.
 14252 | IceCv    | Entered an ice cave
 14381 | Lair:5   | HP: 32/70 [elephant (7)]
 14738 | Lair:5   | Reached skill level 7 in Dodging
 14948 | Lair:6   | Entered Level 6 of the Lair of Beasts
 15050 | Lair:6   | Noticed Snorg
 15085 | Lair:6   | HP: 33/71 [black mamba (11)]
 15243 | Lair:6   | Reached skill level 10 in Fighting
 15411 | Lair:6   | Reached ****** piety under Elyvilon
 15424 | Lair:6   | Reached skill level 14 in Stealth
 15746 | Lair:6   | Killed Snorg
 16015 | Lair:6   | Got a fine leather armour {4}
 16044 | Lair:6   | Identified the +2 leather armour "Comise" {+Inv rCorr Slay+3, 4} (You found it on level 6 of the Lair of Beasts)
 16107 | Lair:6   | HP: 32/72 [shambling mangrove (22)]
 16398 | D:11     | Found a white marble altar of Elyvilon.
 16701 | D:11     | Reached skill level 1 in Shields
 16870 | D:11     | Found Pinof's Food Emporium.
 17120 | D:12     | Reached skill level 2 in Shields
 17192 | D:12     | Reached XP level 14. HP: 74/77 MP: 18/18
 17382 | D:12     | Reached skill level 3 in Shields
 17386 | D:12     | Reached skill level 8 in Dodging
 17407 | D:12     | Found a huge runed gate.
 17407 | D:12     | Found a huge runed gate.
 17407 | D:12     | Found a huge runed gate.
 17407 | D:12     | Found a huge runed gate.
 17639 | D:12     | Noticed Psyche
 17648 | D:12     | Killed Psyche
 17677 | D:12     | Noticed Azrael
 17810 | D:12     | Reached skill level 4 in Shields
 17853 | D:12     | Killed Azrael
 18016 | D:12     | Found a staircase to the Orcish Mines.
 18319 | Orc:1    | Entered Level 1 of the Orcish Mines
 18321 | Orc:1    | Noticed Fannar
 18340 | Orc:1    | Killed Fannar
 18352 | Orc:1    | HP: 35/77 [orc knight/broad axe (16)]
 18377 | Orc:1    | Reached skill level 1 in Long Blades
 18379 | Orc:1    | Reached skill level 15 in Stealth
 18384 | Orc:1    | HP: 34/77 [orc warrior/battleaxe[an orc knight] (13)]
 18592 | Orc:2    | Entered Level 2 of the Orcish Mines
 18687 | Orc:2    | Found a staircase to the Elven Halls.
 18783 | Orc:1    | HP: 33/77 [sixfirhy[an orc sorcerer] (10)]
 18786 | Orc:1    | HP: 14/77 [sixfirhy[an orc sorcerer] (7)]
 18791 | Orc:2    | HP: 20/77 [poisoned by an orc]
 18881 | Orc:1    | Reached skill level 2 in Long Blades
 19158 | Orc:2    | Noticed Josephine
 19233 | Orc:2    | Killed Josephine
 19243 | Orc:2    | HP: 33/77 [wraith[Josephine] (9)]
 19333 | Orc:2    | Found Vathricust's Assorted Antiques.
 19378 | Orc:2    | Bought a scroll of teleportation for 93 gold pieces
 19378 | Orc:2    | Bought a potion of curing for 93 gold pieces
 19448 | Orc:2    | Found a roughly hewn altar of Beogh.
 19597 | Orc:2    | Reached skill level 11 in Fighting
 19597 | Orc:2    | Reached skill level 3 in Long Blades
 19600 | Orc:2    | HP: 36/79 [orc warrior/glaive[an orc warlord] (13)]
 19604 | Orc:2    | HP: 14/79 [orc warrior/glaive[an orc warlord] (13)]
 19712 | Orc:2    | Found a roughly hewn altar of Beogh.
 19713 | Orc:2    | Found Raawunirph's Magic Scroll Shoppe.
 19729 | Orc:2    | HP: 34/79 [orc warrior/hand axe of electrocution (10)]
 19734 | Orc:2    | HP: 27/79 [orc warrior/trident (2)]
 19739 | Orc:2    | HP: 26/79 [orc warrior/trident (8)]
 19814 | Orc:2    | Bought a scroll of teleportation for 45 gold pieces
 19856 | Orc:2    | Noticed an orc warlord
 20327 | Orc:2    | HP: 37/79 [orc warlord/uncursed great sword of holy wrath (21)]
 20335 | Orc:2    | HP: 37/79 [orc warlord/uncursed great sword of holy wrath (13)]
 20355 | Orc:2    | Killed an orc warlord
 20359 | Orc:2    | Reached skill level 4 in Long Blades
 20408 | Orc:2    | Found Aqab's Antique Weapon Boutique.
 20409 | Orc:2    | Found a roughly hewn altar of Beogh.
 20432 | Orc:2    | Found Nyzel's Antique Armour Shop.
 20444 | Orc:2    | Bought an embroidered scarf for 144 gold pieces
 20481 | Orc:2    | Found a roughly hewn altar of Beogh.
 20681 | Orc:2    | Found a roughly hewn altar of Beogh.
 20815 | Orc:2    | Found a roughly hewn altar of Beogh.
 20865 | Orc:2    | Found Epru's General Store.
 21296 | Lair:6   | HP: 37/79 [hornet[a shambling mangrove] (9)]
 21298 | Lair:6   | HP: 12/79 [shambling mangrove (7)]
 21301 | Lair:6   | HP: 5/79 [poisoned by a hornet]
 21301 | Lair:6   | Elyvilon protects you from harm!
 21301 | Lair:6   | HP: 2/79 [hornet[a shambling mangrove] (3)]
 21302 | Lair:6   | Elyvilon protects you from harm!
 21646 | Swamp:1  | Entered Level 1 of the Swamp
 21720 | Lair:4   | Reached skill level 5 in Long Blades
 21758 | Swamp:1  | HP: 38/79 [alligator[an alligator] (9)]
 21759 | Swamp:1  | HP: 17/79 [alligator[an alligator] (7)]
 21767 | Swamp:1  | HP: 39/79 [bog body (2)]
 21772 | Swamp:1  | HP: 23/79 [swamp worm (1)]
 21962 | Swamp:1  | HP: 38/79 [insubstantial wisp/static electricity (2)]
 21967 | Swamp:1  | HP: 33/79 [swamp worm (5)]
 21973 | Swamp:1  | HP: 24/79 [insubstantial wisp/static electricity (5)]
 21974 | Swamp:1  | HP: 10/79 [alligator (4)]
 21981 | Swamp:1  | HP: 17/79 [insubstantial wisp (6)]
 21998 | Swamp:1  | HP: 32/79 [vampire mosquito (1)]
 22009 | Swamp:1  | Reached XP level 15. HP: 55/83 MP: 12/19
 22096 | Swamp:1  | HP: 35/83 [alligator (11)]
 22101 | Swamp:1  | HP: 18/83 [tyrant leech (16)]
 22104 | Swamp:1  | Quit the game

Vanquished Creatures
  An orc warlord (Orc:2)
  Azrael (D:12)
  Snorg (Lair:6)
  Josephine (Orc:2)
  Fannar (Orc:1)
  Harold (Lair:2)
  4 two-headed ogres
  3 alligators
  3 death yaks (Lair:5)
  2 unseen horrors
  A shambling mangrove (Lair:6)
  Pikel (D:4)
  3 orc knights
  3 oklob plants (Lair:6)
  An ugly thing (D:11)
  3 orc sorcerers
  A deep elf mage (D:12)
  A cyclops (D:12)
  A manticore (D:12)
  9 elephants
  Maurice (D:8)
  2 black mambas (Lair:6)
  A gargoyle (D:12)
  Psyche (D:12)
  10 spiny frogs
  2 rime drakes (Lair:5)
  A kobold demonologist (D:11)
  5 komodo dragons
  3 trolls
  A bog body (Swamp:1)
  3 hornets
  17 blink frogs
  5 hippogriffs
  A wyvern (D:11)
  Sigmund (D:5)
  4 wraiths (Orc:2)
  65 yaks
  A vampire (D:10)
  3 fire elementals (D:12)
  3 basilisks
  A hungry ghost (D:12)
  A warg (Orc:2)
  5 vampire mosquitoes (Swamp:1)
  Menkaure (D:6)
  A soldier ant (D:12)
  Edmund (D:4)
  2 swamp worms
  An acid dragon (D:12)
  6 insubstantial wisps (Swamp:1)
  4 hell hounds (D:12)
  12 water moccasins
  Duvessa (D:7)
  9 porcupines
  37 orc warriors
  2 ice beasts
  4 sky beasts
  9 ogres
  A phantom (D:8)
  2 wolves (D:9)
  11 centaurs
  10 crocodiles
  A big kobold (D:8)
  7 bullfrogs
  A gnoll sergeant (Orc:1)
  Dowan (D:7)
  A wyvern skeleton (D:12)
  4 scorpions
  A water moccasin skeleton (D:7)
  3 killer bees
  3 wights (D:10)
  7 electric eels
  3 crimson imps
  2 bullfrog zombies (D:9)
  5 jellies
  21 orc wizards
  2 quasits
  20 orc priests
  11 hounds
  3 bullfrog skeletons
  3 centaur skeletons
  4 iguanas
  9 worker ants
  A hound skeleton (D:8)
  A worker ant zombie (D:9)
  7 gnolls
  A howler monkey skeleton (D:5)
  11 adders
  2 shadow imps (D:10)
  6 oozes
  An adder zombie (D:9)
  3 worms
  6 dart slugs
  4 leopard geckos
  102 orcs
  10 bats
  6 giant cockroaches
  2 gnoll zombies (D:4)
  11 goblins (D:2)
  6 hobgoblins
  5 jackals
  11 kobolds
  5 quokkas
  A ball python (D:4)
  4 frilled lizards
  A leopard gecko skeleton (D:8)
  A quokka zombie (D:5)
  9 rats
  A toadstool (D:1)
623 creatures vanquished.

Vanquished Creatures (collateral kills)
  2 killer bees (D:9)
2 creatures vanquished.

Vanquished Creatures (others)
  2 alligators (Swamp:1)
  2 vampire mosquitoes (Swamp:1)
  A crocodile (Lair:6)
  3 killer bees (D:9)
  An adder (D:9)
  A leopard gecko (D:4)
  2 fungi
  5 plants
  3 toadstools (D:1)
20 creatures vanquished.

Grand Total: 645 creatures vanquished

Table legend:
 A = Turns spent in this place as a percentage of turns spent in the entire game.
 B = Non-inter-level travel turns spent in this place as a percentage of non-inter-level travel turns spent in the entire game.
 C = Inter-level travel turns spent in this place as a percentage of turns spent in this place.
 D = Turns resting spent in this place as a percentage of non-inter-level travel turns spent in this place.
 E = Turns spent auto-exploring this place as a percentage of non-inter-level travel turns spent in this place.
 F = Non-inter-level travel turns spent in this place divided by the number of levels of this place that you've seen.
                   A       B       C       D       E      F
               +-------+-------+-------+-------+-------+----------------------
         Total | 100.0 | 100.0 |   5.9 |  13.7 |  56.2 | 904.1
       Dungeon |  50.7 |  50.4 |   6.4 |  12.4 |  59.9 | 873.8
        Temple |   1.0 |   0.9 |  17.3 |   0.0 |  96.2 | 186.0
          Lair |  34.5 |  34.7 |   5.3 |  15.0 |  55.3 | 1203.3
         Swamp |   1.4 |   1.5 |   0.3 |  12.3 |  38.1 | 318.0
  Orcish Mines |  12.3 |  12.3 |   5.6 |  17.1 |  43.0 | 1281.5
      Ice Cave |   0.1 |   0.1 |   0.0 |   0.0 |  23.8 |  21.0
               +-------+-------+-------+-------+-------+----------------------
